 Dungeon Crawl Stone Soup version 0.14.0-6-g1bc2dff (webtiles) character file.

655793 Nidalee the Conqueror (level 27, -13/273 HPs)
             Began as a Centaur Summoner on Apr 11, 2014.
             Was a High Priest of Trog.
             Mangled by an Orb Guardian (26 damage)
             ... on Level 5 of the Realm of Zot on Apr 12, 2014.
             The game lasted 07:54:11 (100614 turns).

Nidalee the Conqueror (Centaur Summoner)          Turns: 100614, Time: 07:54:11

HP -13/273       AC 50     Str 25      XL: 27
MP   7/7         EV 26     Int 14      God: Trog [*****.]
Gold 3167        SH 47     Dex 26      Spells:  3 memorised, 23 levels left

rFire  + + +     SeeInvis +     b - +6,+5 eveningstar (antimagic)
rCold  + + +     Rnd*Rage +     C - +9 plate armour "Cemaiph" {Dex+1 Int-4 Dam+5}
rNeg   + + .     Conserve .     W - +3 large shield of Death's Door {rC++ MR+ Dex+4}
rPois  +         rCorr    +     r - +3 helmet of Noughts and Crosses {+Fly SInv}
rElec  +         rRot     .     h - +4 dragonskin cloak
SustAb . .       Spirit   .     T - +2 pair of gloves "Shuy" {rC+ Dam+5}
rMut   .         Warding  .     O - +1 centaur barding {Stlth+}
Saprov . . .     Rnd*Tele +     V - amulet "Kenyah" {Inacc rPois rF+ rN+ SInv Stlth--}
MR     +++..                    e - ring "Byiz" {EV+3 Int+4}
                                f - ring "Psiskaas" {+Inv rF+ Str+2 Dex+5}

@: agile, studying Armour, very slightly contaminated, very quick, extremely
resistant to hostile enchantments, extremely unstealthy
A: hooves 3, icy blue scales 1, yellow scales 1, berserk 1, deformed body,
herbivore 1, speed 2, fast metabolism 1, low mp 1, screaming 3, slow healing 2,
teleportitis 1, tough skin 3, wild magic 1
a: Burn Spellbooks, Berserk, Trog's Hand, Brothers in Arms, Renounce Religion,
Evoke Invisibility, Evoke Flight
}: 3/15 runes: decaying, serpentine, silver


You were on level 5 of the Realm of Zot.
You worshipped Trog.
Trog was extremely pleased with you.
You were full.

You visited 11 branches of the dungeon, and saw 61 of its levels.
You visited the Abyss 1 time.
You visited 2 bazaars.
You also visited: Labyrinth, Sewer and Ice Cave.

You collected 9150 gold pieces.
You spent 5983 gold pieces at shops.


Innate Abilities, Weirdness & Mutations

You have hooves in place of feet.
Armour fits poorly on your strangely shaped body.
You digest meat inefficiently.
You cover ground very quickly.
You have a fast metabolism.
You have extremely tough skin (AC +3).
You are partially covered in icy blue scales (AC +1).
You are partially covered in yellow scales (AC +2).
You tend to lose your temper in combat.
Your magical capacity is low (-10% MP).
You frequently scream uncontrollably.
You do not heal naturally when monsters are visible.
Space occasionally distorts in your vicinity.
Your spells are a little harder to cast, but a little more powerful.


   Skills:
 O Level 27 Fighting
 + Level 19.0 Maces & Flails
 - Level 7.3 Throwing
 - Level 18.0 Armour
 - Level 15.6 Dodging
 - Level 1.2 Stealth
 - Level 15.0 Shields
 - Level 1.5 Spellcasting
 - Level 3.6 Summonings


You had 23 spell levels left.
You knew the following spells:

 Your Spells              Type           Power        Failure   Level  Hunger
c - Call Canine Familiar  Summ           ###.....     96%         3    ####...
x - Call Imp              Summ           ###.....     73%         2    ###....
z - Summon Small Mammal   Summ           ###.         54%         1    ##.....

Inventory:

Hand weapons
 a - a +4,+6 eveningstar of flaming
 b - a +6,+5 anti-magic eveningstar (weapon)
 o - a +1,+4 anti-magic morningstar
Armour
 h - the +4 dragonskin cloak (worn)
   (You took it off Tiamat on level 4 of the Realm of Zot)
 k - a +2 cloak of magic resistance
 r - the +3 helmet of Noughts and Crosses (worn) {+Fly SInv}
   (You found it in a labyrinth)

   It enhances your eyesight.
   It lets you fly.
 C - the +9 plate armour "Cemaiph" (worn) {Dex+1 Int-4 Dam+5}
   (You found it on level 3 of the Elven Halls)

   It affects your intelligence (-4).
   It affects your dexterity (+1).
   It affects your damage with ranged weapons and melee attacks (+5).
 O - a +1 centaur barding of stealth (worn)
 T - the +2 pair of gloves "Shuy" (worn) {rC+ Dam+5}
   (You found it on level 2 of the Lair of Beasts)

   It affects your damage with ranged weapons and melee attacks (+5).
   It protects you from cold.
 U - a +8 fire dragon armour
 W - the +3 large shield of Death's Door (worn) {rC++ MR+ Dex+4}
   (You acquired it on level 4 of the Depths)

   It affects your dexterity (+4).
   It greatly protects you from cold.
   It affects your resistance to hostile enchantments.
 Y - a -3 cloak of poison resistance
Magical devices
 g - a wand of digging (9)
 m - a wand of hasting (1) {!d}
 u - a wand of teleportation (2) {!d}
 w - a wand of disintegration (8)
 z - a wand of lightning (7)
 B - a wand of digging (13)
 J - a wand of hasting (8) {!d}
 L - a wand of teleportation (4) {!d}
Comestibles
 s - 9 bread rations
 S - 11 chokos
Jewellery
 c - an uncursed ring of sustenance
 d - an uncursed ring of sustenance
 e - the ring "Byiz" (right hand) {EV+3 Int+4}
   (You took it off a deep elf sorcerer on level 3 of the Elven Halls)

   [ring of evasion]

   It affects your evasion (+3).
   It affects your intelligence (+4).
 f - the ring "Psiskaas" (left hand) {+Inv rF+ Str+2 Dex+5}
   (You found it on level 3 of the Elven Halls)

   [ring of dexterity]

   It affects your dexterity (+5).
   It affects your strength (+2).
   It protects you from fire.
   It lets you turn invisible.
 l - an uncursed amulet of warding
 V - the amulet "Kenyah" (around neck) {Inacc rPois rF+ rN+ SInv Stlth--}
   (You found it on level 8 of the Lair of Beasts)

   [amulet of inaccuracy]

   It protects you from fire.
   It protects you from poison.
   It protects you from negative energy.
   It enhances your eyesight.
   It makes you much less stealthy.
 Z - the amulet of Trekuo {Faith rElec Dex+2}
   (You found it on level 4 of the Crypt)

   [amulet of faith]

   It affects your dexterity (+2).
   It insulates you from electricity.
Potions
 n - a potion of agility
 p - 7 potions of curing
 t - a potion of might
 H - 2 potions of restore abilities
Books
 i - a manual of Armour {!d}
Miscellaneous
 v - a phial of floods
 x - a lamp of fire
 y - a fan of gales
 A - a lamp of fire
 E - a phial of floods
 I - a stone of tremors
 N - a phial of floods
 P - a fan of gales
 Q - a fan of gales

Dungeon Overview and Level Annotations

Branches:
Dungeon (15/15)            Temple (0/1) D:6             Orc (4/4) D:10
    Elf (3/3) Orc:4          Lair (8/8) D:9           Swamp (5/5) Lair:5
  Snake (5/5) Lair:3        Slime (0/6) Lair:7       Vaults (5/5) D:13
  Blade (1/1) Vaults:4      Crypt (5/5) Vaults:2       Tomb (0/3) Crypt:3
    Zot (5/5) Depths:5     Depths (5/5) D:15

Altars:
Ashenzari
Dithmenos
Fedhas
Makhleb
Trog
Vehumet
Yredelemnul
The Shining One

Shops:
D:8 !   D:9 [   D:14 ?   Orc:1 %   Orc:3 (!*?   Orc:4 ?%([   Snake:3 [
Vaults:4 (!*

Portals:
Hell: Depths:1 Depths:2 Depths:3 Depths:4 Depths:5
Abyss: Depths:2 Depths:3 Depths:4
Pandemonium: Depths:1 Depths:2 Depths:3
Ziggurat: Depths:2

Annotations:
Vaults:3 Sojobo Blade Frederick

▒▒············ ▓▓▓▓▓▓▓▓
▒···········^·
▓·······▓▓▓·············
·········▓▓·)···········
X··(······▓8T····#d·····
·····0··#·q·*····d··d····
··X··##qdDX▓······*··d···
▓·····XXXX▓▓dXd··········
▓····OXc▓▓▓·X···········
▓▓▓▓▓▓▓▓▓ ▓···········)·
▓▓······%·····
▓▓▓?········· ▓▓▓▓·······
▓▓▓▓▓▓▓


You could see a storm dragon, a pale draconian, 6 Orb Guardians, a grey
draconian scorcher and a friendly ogre (berserk).


Message History

An Orb Guardian comes into view.
Read which item? (? for menu, Esc to quit)
Okay, then.
Read which item? (? for menu, Esc to quit)
As you read the scroll of fog, it crumbles to dust.
The scroll dissolves into smoke.
The Orb Guardian hits you but does no damage.
You block the Orb Guardian's attack. x4
Drink which item? (? for menu, Esc to quit)
Okay, then.
Drink which item? (? for menu, Esc to quit)
You feel agile all of a sudden. You block the Orb Guardian's attack.
The Orb Guardian closely misses you. The Orb Guardian hits you.
* * * LOW HITPOINT WARNING * * *
The Orb Guardian barely misses you. You block the Orb Guardian's attack.
You block the Orb Guardian's attack.
The white draconian annihilator gestures wildly while chanting.
The white draconian annihilator blinks!
You block the Orb Guardian's attack.
Use which ability? (? or * to list)
Your ogre goes berserk!
You feel somewhat less full. The Orb Guardian hits you!
* * * LOW HITPOINT WARNING * * *
You block the Orb Guardian's attack.
The Orb Guardian hits you but does no damage.
The Orb Guardian hits you!
* * * LOW HITPOINT WARNING * * *
The Orb Guardian barely misses you. The Orb Guardian completely misses you.
You block the Orb Guardian's attack. The Orb Guardian hits you!
You die...

Action                   |  1- 3 |  4- 6 |  7- 9 | 10-12 | 13-15 | 16-18 | 19-21 | 22-24 | 25-27 || total
-------------------------+-------+-------+-------+-------+-------+-------+-------+-------+-------++-------
Melee: Dagger            |    39 |    11 |       |       |       |       |       |       |       ||    50
       Unarmed           |     2 |       |       |       |       |       |     3 |       |       ||     5
       Flail             |       |    30 |   183 |       |       |       |       |       |       ||   213
       Great mace        |       |       |   173 |   113 |       |       |       |       |       ||   286
       Eveningstar       |       |       |       |   616 |  1544 |  1752 |  1992 |   946 |  1626 ||  8476
       Morningstar       |       |       |       |       |       |     2 |       |   835 |       ||   837
 Fire: Blowgun           |       |       |    24 |     7 |       |       |       |       |       ||    31
       Bow               |       |       |       |     7 |       |       |       |       |       ||     7
Throw: Tomahawk          |    72 |    78 |    91 |    84 |    25 |       |       |       |       ||   350
       Stone             |     8 |    16 |     5 |    18 |       |       |       |       |       ||    47
       Javelin           |       |       |    14 |     6 |       |    21 |     8 |       |       ||    49
Invok: Trog's Hand       |       |       |     4 |    13 |    35 |    39 |    54 |    44 |    29 ||   218
       Berserk           |       |       |     3 |       |     1 |       |     1 |       |     1 ||     6
       Brothers in Arms  |       |       |       |       |     3 |     7 |     4 |       |     4 ||    18
       Burn Spellbooks   |       |       |       |       |       |       |       |     3 |     1 ||     4
 Abil: Stop Flying       |       |       |       |       |       |     2 |       |     1 |     1 ||     4
       Evoke Flight      |       |       |       |       |       |     2 |       |     1 |     1 ||     4
Evoke: Wand              |       |       |     2 |     7 |     7 |     7 |     5 |     8 |    10 ||    46
  Use: Scroll            |       |       |    24 |    10 |    14 |    20 |    28 |    27 |    15 ||   138
       Potion            |       |       |     9 |     3 |     9 |     1 |     2 |     2 |     7 ||    33
 Stab: Sleeping          |       |       |       |     3 |    11 |     5 |       |       |       ||    19
       Distracted        |       |       |       |     1 |       |     1 |       |       |       ||     2
       Confused          |       |       |       |       |       |       |       |       |     2 ||     2

Vault maps used:
D:1:      minmay_arrival_semitransparent, supply_closet_lemuel, minmay_cut_off
D:2:      fedhas_altar_4, grunt_dithmenos_smoke
D:3:      corexii_leaking_fountain, cheibrodos_ashenzari_chains
D:4:      first_bread, serial_shops, nicolae_shop_trees,
          trog_three_pillars_becter
D:6:      minmay_temple_entry_enclosed_plants, gup_sewer_entry_bowl
D:7:      the_bakery
D:8:      serial_shops, shop, uniq_joseph
D:9:      grunt_temple_overflow_holy_war, grunt_lair_entry_elf_guard_hut,
          serial_shops, shop
D:10:     david_orc_1_choice, spider_trap, st_stairs_14
D:11:     uniq_urug
D:13:     erik_vaults_1, lightli_corner_chamber
D:14:     minmay_staircase_bubble, serial_shops, shop, kennysheep_treasure_room,
          uniq_kirke
D:15:     hangedman_depths_entry_try_elsewhere_first, fountainhead, uniq_roxanne
Orc:1:    serial_shops, shop_fountains
Orc:2:    uniq_maurice
Orc:3:    serial_shops, shop, nicolae_shop_behind_doors, nicolae_shop_stone,
          shop, nicolae_orc_pool_cavern, uniq_sonja
Orc:4:    st_orc_pillars, sword_in_stone
Elf:1:    spider_trap
Elf:2:    dk_noncrumbling_1
Elf:3:    minmay_elf_hall_dome, uniq_snorg
Lair:1:   lemuel_strawberry_fields, infiniplex_staircase_pool,
          lemuel_strawberry_fields
Lair:3:   dummy_snake_entry
Lair:4:   nicolae_spider_entry_tight_spaces, zaba_antful_of_joy
Lair:5:   nicolae_swamp_entry_splash_gauntlet, lab_entry_generic,
          hibernation_bobbens, infiniplex_staircase_pool_2,
          lemuel_strawberry_fields
Lair:7:   dpeg_slime_entry_corner, uniq_nergalle, uniq_fannar
Lair:8:   evilmike_catoblepas_cave
Swamp:1:  hangedman_swamp_ruin_wall
Swamp:2:  serial_swamp_ruin, evilmike_swamp_ruin_house_4,
          evilmike_swamp_ruin_rubble_2, swamp_pool3, lightli_tree_ring
Swamp:3:  nicolae_swamp_orc_logging_accident, swamp_pool4,
          nicolae_swamp_round_clearing
Swamp:4:  portal_ice_cave_entry_imps, hangedman_swamp_ruin_hall
Swamp:5:  swamp_alternative
Snake:2:  grunt_megastairs_2, basic_stair_grate_trap, serial_bayou_shore_a,
          serial_bayou_shore_b
Snake:3:  serial_shops, nicolae_shop_competitors_out_of_business
Snake:5:  snake_pit, st_stairs_3, serial_bayou_pond_d, nicolae_snake_springs,
          uniq_aizul
Vaults:1: v_misc_10, nicolae_vaults_little_squares_5, v_pattern_5,
          grunt_vaults_trifunnel, vaults_standard_mumra_x,
          dpeg_vaults_pockets_of_resistance, vaults_standard_mumra_lines,
          v_misc_12, vaults_room_large_hall,
          hangedman_vaults_stretched_pinwheel, ontoclasm_vaults_fault,
          uniq_asterion
Vaults:2: nicolae_vaults_branching_niches, v_rooms_1, v_rooms_2,
          minmay_crypt_entry_simple_round, vaults_mumra_minichess,
          nicolae_vaults_big_ls, v_misc_8, vaults_room_semicircle,
          nicolae_vaults_diagonal_hallway_9, hangedman_vaults_slice,
          serial_shops, bzr_entry_gold, uniq_saint_roka
Vaults:3: vaults_room_large_hall, nicolae_vaults_stairing_the_circle,
          dpeg_vaults_monster_box, nicolae_vaults_three_branches,
          grunt_vaults_twisty, ontoclasm_vaults_twist,
          ontoclasm_vaults_decontamination, nicolae_vaults_fighting_squares,
          vaults_dpeg_cross, uniq_sojobo
Vaults:4: vaults_mumra_blade_bloodbath, vaults_room_guarded_vault,
          nicolae_vaults_diagonal_hallway_7, vaults_room_grid,
          vaults_mumra_minichess_inversion, v_misc_28, v_alt_pattern_6,
          serial_shops, bzr_entry_customers, shop, shop, nicolae_shop_crystal
Blade:    uniq_frederick
Crypt:2:  crypt_curse_skull, uniq_jory
Crypt:3:  tomb_entry_moat_badplayer
Crypt:4:  crypt_curse_skull, lemuel_elevator
Crypt:5:  david_glass_crypt
Zot:1:    grunt_megastairs_5
Zot:3:    st_stairs_7
Zot:5:    st_stairs_13, uniq_tiamat
Lab:      labyrinth_mini_lab, labyrinth_skeletal_remains, nicolae_lab_t_cross,
          nicolae_lab_diamond, nicolae_lab_flowing_pool
Bazaar:   bazaar_minmay_generic_island, bazaar_lake
Sewer:    sewer_kobolds
IceCv:    ice_cave_caverns_02
Depths:1: hangedman_decor_slide_cut, grunt_hell_entry_dis_mu, pan_entry,
          hex_tiny, kennysheep_just_a_vault
Depths:2: minmay_eyes, enter_ziggurat_b, abyss_entry_small_statue_room,
          grunt_pan_entry_spiral, minmay_misc_feat_alley, hangedman_geh_valley
Depths:3: mludivico_vault, pan_entry, grunt_metal_band, roderic_lattice_a,
          abyss_entry
Depths:4: grunt_profane_halls, hell_entry, abyss_entry, serial_shops
Depths:5: grunt_zot_entry_gee_three, hell_entry, kennysheep_crisscross,
          spider_trap, grunt_ministairs_3, serial_bayou_shore_b, uniq_jorgrun,
          uniq_enchantress

Notes
Turn   | Place    | Note
--------------------------------------------------------------
     0 | D:1      | Nidalee, the Centaur Summoner, began the quest for the Orb.
     0 | D:1      | Reached XP level 1. HP: 14/14 MP: 2/2
    84 | D:1      | Reached skill level 1 in Throwing
   201 | D:2      | Reached skill level 2 in Throwing
   401 | D:2      | Found a blossoming altar of Fedhas.
   476 | D:2      | Found a shadowy altar of Dithmenos.
   520 | D:2      | Reached XP level 2. HP: 20/20 MP: 3/3
   627 | D:2      | Reached skill level 3 in Throwing
   708 | D:2      | Learned a level 2 spell: Call Imp
  1000 | D:3      | Reached XP level 3. HP: 24/26 MP: 5/5
  1067 | D:3      | Reached skill level 4 in Throwing
  1387 | D:3      | Reached skill level 5 in Throwing
  1387 | D:3      | Reached XP level 4. HP: 33/33 MP: 5/5
  1522 | D:4      | Reached skill level 6 in Throwing
  1550 | D:4      | Learned a level 3 spell: Call Canine Familiar
  1576 | D:4      | Reached XP level 5. HP: 38/38 MP: 6/6
  1617 | D:4      | Found a bloodstained altar of Trog.
  1657 | D:4      | Reached skill level 7 in Throwing
  1851 | D:4      | Reached skill level 1 in Maces & Flails
  1871 | D:4      | Became a worshipper of Trog the Wrathful
  2033 | D:3      | Reached XP level 6. HP: 30/45 MP: 8/8
  2137 | D:4      | Reached skill level 2 in Maces & Flails
  2196 | D:4      | Noticed an ogre
  2198 | D:4      | Killed an ogre
  2215 | D:4      | Reached skill level 3 in Maces & Flails
  2294 | D:4      | Acquired Trog's first power
  2331 | D:4      | Found Yqionin's Magic Scroll Boutique.
  2451 | D:4      | Reached skill level 4 in Maces & Flails
  2451 | D:4      | Reached XP level 7. HP: 50/50 MP: 8/8
  2484 | D:4      | Yqionin's Magic Scroll Boutique was a mimic.
  3592 | D:3      | Found a shattered altar of Ashenzari.
  3613 | D:3      | Acquired Trog's second power
  4029 | D:5      | Entered Level 5 of the Dungeon
  4066 | D:5      | Reached skill level 5 in Maces & Flails
  4578 | D:5      | Identified a -3 rod of striking (14/14) (You found it on level 5 of the Dungeon)
  4943 | D:6      | Found a staircase to the Ecumenical Temple.
  4996 | D:6      | Reached skill level 6 in Maces & Flails
  5073 | D:6      | Found a glowing drain.
  5077 | Sewer    | Entered a sewer
  5179 | Sewer    | Reached XP level 8. HP: 55/57 MP: 9/9
  5235 | Sewer    | Found a glowing silver altar of Zin.
  5415 | D:6      | Reached skill level 7 in Maces & Flails
  5731 | D:6      | Reached skill level 2 in Fighting
  6095 | D:7      | Reached skill level 8 in Maces & Flails
  6350 | D:7      | Identified a scroll of acquirement
  6545 | D:7      | Reached skill level 9 in Maces & Flails
  6643 | D:7      | Gained mutation: Your muscles are strong. (Str +2) [potion of mutation]
  6643 | D:7      | Gained mutation: You are frail (-10% HP). [potion of mutation]
  6646 | D:7      | Paralysed by a potion of paralysis for 6 turns
  6697 | D:7      | Reached XP level 9. HP: 60/60 MP: 11/11
  6748 | D:7      | Acquired Trog's third power
  7107 | D:8      | Noticed Joseph
  7337 | D:8      | HP: 4/60 [Joseph/ sling bullet (17)]
  7632 | D:8      | Reached skill level 10 in Maces & Flails
  7646 | D:8      | Found Fremeloi's Distillery.
  7651 | D:8      | Bought a potion of haste for 91 gold pieces
  7651 | D:8      | Bought a potion of heal wounds for 39 gold pieces
  7651 | D:8      | Bought 2 potions of mutation for 65 gold pieces
  7651 | D:8      | Bought a potion of heal wounds for 39 gold pieces
  7652 | D:8      | Gained mutation: Your spells are a little harder to cast, but a little more powerful. [potion of mutation]
  7652 | D:8      | Gained mutation: You are partially covered in icy blue scales (AC +1). [potion of mutation]
  7652 | D:8      | Gained mutation: You are covered in fur (AC +1). [potion of mutation]
  7653 | D:8      | Gained mutation: You evolve. [potion of mutation]
  7653 | D:8      | Gained mutation: You are clumsy. (Dex -2) [potion of mutation]
  8101 | D:8      | Killed Joseph
  8489 | D:8      | Got an ominously black robe
  8490 | D:8      | Identified the cursed -5 robe of Gouroakk {Str+3 Dex-4 Int+3} (You found it on level 8 of the Dungeon)
  8737 | D:8      | Reached skill level 11 in Maces & Flails
  9073 | D:9      | Reached XP level 10. HP: 65/65 MP: 11/11
  9077 | D:9      | Found a staircase to the Lair.
  9115 | Lair:1   | Entered Level 1 of the Lair of Beasts
  9351 | Lair:1   | Reached skill level 12 in Maces & Flails
 10592 | Lair:1   | HP: 6/66 [spiny frog (3)]
 10600 | Lair:1   | HP: 5/66 [poisoned by a spiny frog]
 10605 | Lair:1   | HP: 5/66 [poisoned by a spiny frog]
 10684 | Lair:1   | Reached skill level 3 in Fighting
 10879 | Lair:1   | Reached skill level 4 in Fighting
 11262 | Lair:1   | Got an encrusted war axe
 11528 | Lair:2   | Reached skill level 5 in Fighting
 11909 | Lair:2   | Reached skill level 6 in Fighting
 12014 | Lair:2   | Reached skill level 7 in Fighting
 12260 | Lair:2   | Got a pair of jewelled gloves
 12264 | Lair:2   | Identified the +2 pair of gloves "Shuy" {rC+ Dam+5} (You found it on level 2 of the Lair of Beasts)
 12372 | Lair:2   | Noticed an eight-headed hydra
 12732 | Lair:2   | Reached skill level 8 in Fighting
 12732 | Lair:2   | Reached XP level 11. HP: 81/84 MP: 12/12
 13189 | Lair:3   | Reached skill level 1 in Shields
 13406 | Lair:3   | Reached skill level 2 in Shields
 13540 | Lair:3   | Reached skill level 3 in Shields
 13565 | Lair:3   | Received a gift from Trog
 13604 | Lair:3   | Found a staircase to the Snake Pit.
 13702 | Lair:3   | Noticed a five-headed hydra
 13890 | Lair:4   | Reached skill level 13 in Maces & Flails
 14460 | Lair:4   | Reached skill level 14 in Maces & Flails
 14470 | Lair:4   | Received a gift from Trog
 14776 | Lair:4   | Found a hole to the Spider Nest.
 15144 | Lair:4   | Reached XP level 12. HP: 90/90 MP: 14/14
 15881 | Lair:4   | the hole to the Spider Nest was a mimic.
 16619 | Lair:5   | Reached skill level 15 in Maces & Flails
 16824 | Lair:5   | Found a labyrinth entrance.
 16834 | Lab      | Entered a labyrinth
 17269 | Lab      | Noticed a minotaur
 17307 | Lab      | Killed a minotaur
 17310 | Lab      | Received a gift from Trog
 17331 | Lab      | Identified the Catalogue of Mutagenic Slavery (You found it in a labyrinth)
 17331 | Lab      | Got a dazzling helmet
 17354 | Lab      | Identified the cursed +3 helmet of Noughts and Crosses {+Fly SInv} (You found it in a labyrinth)
 18073 | Lair:5   | Gained mutation: You are partially covered in yellow scales (AC +2). [evolution]
 18073 | Lair:5   | Lost mutation: You evolve. [end of evolution]
 18365 | Lair:5   | Reached skill level 16 in Maces & Flails
 18752 | Lair:6   | Reached XP level 13. HP: 76/96 MP: 14/14
 18854 | Lair:6   | Reached skill level 2 in Dodging
 18872 | Lair:6   | Reached skill level 3 in Dodging
 19247 | Lair:6   | Received a gift from Trog
 19252 | Lair:6   | Reached skill level 4 in Dodging
 19842 | Lair:7   | Noticed Nergalle
 19908 | Lair:7   | Reached skill level 5 in Dodging
 19913 | Lair:7   | Noticed Fannar
 20008 | Lair:7   | Killed Fannar
 20008 | Lair:7   | Reached skill level 1 in Armour
 20019 | Lair:7   | Killed Nergalle
 20019 | Lair:7   | Reached skill level 2 in Armour
 20253 | Lair:7   | Found a staircase to the Slime Pits.
 20373 | Lair:7   | Reached skill level 3 in Armour
 20631 | Lair:8   | Entered Level 8 of the Lair of Beasts
 20707 | Lair:8   | Reached skill level 4 in Armour
 20927 | Lair:8   | Reached skill level 9 in Fighting
 21260 | Lair:8   | Reached skill level 10 in Fighting
 21591 | Lair:8   | Reached XP level 14. HP: 70/109 MP: 15/15
 21730 | Lair:8   | Reached skill level 11 in Fighting
 21970 | Lair:8   | Received a gift from Trog
 21981 | Lair:8   | Got a shimmering sapphire amulet
 21982 | Lair:8   | Identified the amulet "Kenyah" {Inacc rPois rF+ rN+ SInv Stlth--} (You found it on level 8 of the Lair of Beasts)
 22453 | Lair:8   | Reached skill level 12 in Fighting
 23312 | D:9      | Got a glittering glass ring
 23317 | D:9      | Identified the cursed ring of Zucetz Uzog {Hunger Str+2 Int-3} (You found it on level 9 of the Dungeon)
 23319 | D:9      | Found a basalt altar of Yredelemnul.
 23319 | D:9      | Found a glowing golden altar of the Shining One.
 23345 | D:9      | Noticed an angel
 23356 | D:9      | Noticed a profane servitor
 23429 | D:9      | Found Enatiove's Antique Armour Shop.
 23810 | D:10     | Entered Level 10 of the Dungeon
 23892 | D:10     | Found a staircase to the Orcish Mines.
 23916 | D:10     | Received a gift from Trog
 24591 | D:10     | Reached skill level 13 in Fighting
 25025 | Orc:1    | Entered Level 1 of the Orcish Mines
 25073 | Orc:1    | Received a gift from Trog
 25424 | Orc:3    | Found Soresocu's Weapon Boutique.
 25466 | Orc:3    | Found Sheare's Distillery.
 25484 | Orc:3    | Bought a potion of mutation for 45 gold pieces
 25484 | Orc:3    | Bought a potion of heal wounds for 54 gold pieces
 25485 | Orc:3    | Lost mutation: You are covered in fur (AC +1). [potion of mutation]
 25485 | Orc:3    | Lost mutation: You are clumsy. (Dex -2) [potion of mutation]
 25513 | Orc:3    | Found Waruj's Magic Scroll Shoppe.
 25786 | Orc:3    | Found Sad Oca's Assorted Antiques.
 25795 | Orc:3    | Bought a scroll of identify for 56 gold pieces
 25796 | Orc:3    | Bought a brown potion for 25 gold pieces
 26020 | Orc:4    | Entered Level 4 of the Orcish Mines
 26159 | Orc:4    | Received a gift from Trog
 26271 | Orc:4    | Noticed Urug
 26294 | Orc:4    | Killed Urug
 26539 | Orc:4    | Found a staircase to the Elven Halls.
 26846 | Orc:4    | Received a gift from Trog
 26846 | Orc:4    | Reached skill level 14 in Fighting
 27896 | Orc:4    | Found Simam's Armour Emporium.
 28279 | Orc:4    | Found Pofyl's Food Shoppe.
 28279 | Orc:4    | Found Kheak's Antique Weapon Emporium.
 28280 | Orc:4    | Found Shukok's Magic Scroll Emporium.
 28292 | Orc:4    | Bought a scroll of acquirement for 780 gold pieces
 28300 | Orc:4    | Bought a scroll of enchant weapon II for 82 gold pieces
 28441 | Orc:3    | Noticed Sonja
 28446 | Orc:3    | Killed Sonja
 28545 | Orc:2    | Noticed an orc warlord
 28571 | Orc:3    | Killed an orc warlord
 28571 | Orc:3    | Reached skill level 15 in Fighting
 28571 | Orc:3    | Reached XP level 15. HP: 94/126 MP: 17/17
 28940 | Orc:2    | Noticed Maurice
 28956 | Orc:2    | Killed Maurice
 29192 | Orc:1    | Found Kyfuic's Food Boutique.
 29462 | D:9      | Bought an ichor-stained plate armour for 644 gold pieces
 29477 | D:9      | Identified the +3 plate armour of the Archfiend {SInv} (You bought it in a shop on level 9 of the Dungeon)
 29893 | D:12     | Received a gift from Trog
 31103 | D:13     | Reached skill level 16 in Fighting
 31245 | D:13     | Found a gate to the Vaults.
 31446 | D:13     | Received a gift from Trog
 32261 | Snake:1  | Entered Level 1 of the Snake Pit
 32615 | Snake:1  | Reached skill level 17 in Fighting
 33514 | Snake:1  | Received a gift from Trog
 34295 | Snake:2  | Got a warped ring mail
 34515 | Snake:2  | Identified the cursed -3 ring mail of Zofucunt {rElec Str+2 Stlth+} (You found it on level 2 of the Snake Pit)
 34560 | Snake:2  | Reached skill level 18 in Fighting
 34666 | Snake:2  | Reached XP level 16. HP: 133/141 MP: 17/17
 34774 | Snake:2  | Received a gift from Trog
 35054 | Snake:2  | Got an ancient plate armour
 35055 | Snake:2  | Identified the +5 plate armour of Nihilism {rPois} (You found it on level 2 of the Snake Pit)
 35468 | Snake:3  | Reached skill level 5 in Armour
 35898 | Snake:3  | Found Khapt's Antique Armour Shop.
 35907 | Snake:3  | Bought a glowing cloak for 103 gold pieces
 36302 | Snake:4  | Reached skill level 6 in Armour
 36766 | Snake:4  | Reached skill level 7 in Armour
 37155 | Snake:4  | Received a gift from Trog
 37851 | Lair:5   | Found a staircase to the Swamp.
 37912 | Swamp:1  | Entered Level 1 of the Swamp
 38227 | Swamp:1  | Reached skill level 8 in Armour
 38454 | Swamp:1  | Received a gift from Trog
 40007 | Swamp:3  | Reached skill level 9 in Armour
 40436 | Swamp:3  | Noticed ZombieSheep's ghost (mighty GrBe)
 40473 | Swamp:3  | Killed ZombieSheep's ghost
 41210 | Swamp:4  | Found a frozen archway.
 41233 | IceCv    | Entered an ice cave
 42289 | IceCv    | Reached skill level 10 in Armour
 42296 | IceCv    | Reached XP level 17. HP: 128/146 MP: 18/18
 42311 | IceCv    | Noticed an Ice Fiend
 42836 | Swamp:4  | Reached skill level 6 in Dodging
 43459 | Swamp:5  | Entered Level 5 of the Swamp
 43483 | Swamp:5  | Gained mutation: You are resistant to hostile enchantments. [potion of mutation]
 43483 | Swamp:5  | Gained mutation: You occasionally shout uncontrollably. [potion of mutation]
 43894 | Swamp:5  | HP: 13/146 [thorn hunter/volley of thorns (34)]
 44298 | Swamp:4  | Reached skill level 7 in Dodging
 45270 | Swamp:5  | Got a decaying rune of Zot
 45735 | Swamp:5  | Reached skill level 8 in Dodging
 46698 | Vaults:1 | Entered Level 1 of the Vaults
 47632 | Vaults:1 | Reached skill level 9 in Dodging
 49098 | Vaults:1 | Reached skill level 10 in Dodging
 49266 | Vaults:1 | Reached XP level 18. HP: 107/154 MP: 19/19
 49757 | Vaults:1 | Noticed Asterion
 50128 | Vaults:1 | Killed Asterion
 51331 | Vaults:1 | Received a gift from Trog
 51345 | Vaults:1 | Got a crude great sword {god gift}
 51504 | Vaults:2 | Found a staircase to the Crypt.
 51677 | Vaults:2 | Found a flickering gateway to a bazaar.
 51692 | Bazaar   | Entered a bazaar
 51692 | Bazaar   | Found Ocixtusa's Armour Shoppe.
 51692 | Bazaar   | Found Pieveoj's Antique Weapon Shop.
 51693 | Bazaar   | Found Godur's Gadget Shoppe.
 51694 | Bazaar   | Found Kotado Saad's Gadget Emporium.
 51762 | Bazaar   | Bought a wand of hasting (2) for 504 gold pieces
 52014 | Vaults:2 | Reached skill level 19 in Fighting
 52307 | Vaults:2 | Received a gift from Trog
 52432 | Vaults:2 | Identified the +2,+9 great sword "Jorel" {freeze, rElec rN+ Str+2} (Trog gifted it to you on level 1 of the Vaults)
 52880 | Vaults:2 | Noticed Saint Roka
 52943 | Vaults:2 | Killed Saint Roka
 53268 | Vaults:2 | Reached skill level 20 in Fighting
 54019 | Vaults:3 | Received a gift from Trog
 54189 | Vaults:3 | Cast into the Abyss (ogre mage)
 54285 | Vaults:3 | Escaped the Abyss
 54504 | Vaults:3 | Reached XP level 19. HP: 143/168 MP: 19/19
 54591 | Vaults:3 | Noticed Sojobo
 55554 | Snake:3  | Bought a brightly glowing storm dragon armour for 1955 gold pieces
 55578 | Snake:3  | Identified the +2 storm dragon armour of Trumpets {rElec Str+1 Int+2} (You bought it in a shop on level 3 of the Snake Pit)
 55720 | Snake:5  | Entered Level 5 of the Snake Pit
 56281 | Snake:5  | Reached skill level 11 in Armour
 56735 | Snake:5  | Received a gift from Trog
 57433 | Snake:5  | Reached skill level 12 in Armour
 57682 | Snake:5  | Received a gift from Trog
 58556 | Snake:5  | Noticed Aizul
 58567 | Snake:5  | Killed Aizul
 58659 | Snake:5  | Reached skill level 11 in Dodging
 58749 | Snake:5  | Got a serpentine rune of Zot
 59071 | Snake:4  | Received a gift from Trog
 60391 | D:14     | Found Xacrot's Magic Scroll Emporium.
 60408 | D:14     | Bought a scroll of identify for 32 gold pieces
 60503 | D:14     | Noticed Kirke
 60511 | D:14     | Killed Kirke
 60869 | D:15     | Entered Level 15 of the Dungeon
 61086 | D:15     | Noticed Roxanne
 61104 | D:15     | Killed Roxanne
 61106 | D:15     | Identified Roxanne's Incunabulum of Earth and Transmigration (You took it off Roxanne on level 15 of the Dungeon)
 61209 | D:15     | Reached skill level 4 in Shields
 61511 | D:15     | Received a gift from Trog
 61614 | D:15     | Found a staircase to the Depths.
 61803 | Depths:1 | Entered Level 1 of the Depths
 61813 | Depths:1 | Reached XP level 20. HP: 157/175 MP: 20/20
 61826 | Depths:1 | Reached skill level 5 in Shields
 61949 | Depths:1 | Found a one-way gate leading to the halls of Pandemonium.
 62097 | Depths:1 | Found a gateway to Hell.
 62424 | Depths:1 | Reached skill level 6 in Shields
 62821 | Depths:1 | Reached skill level 7 in Shields
 63168 | Depths:2 | Received a gift from Trog
 63344 | Depths:2 | Found a gateway to a ziggurat.
 63579 | Depths:2 | Reached skill level 8 in Shields
 64292 | Depths:2 | Found a one-way gate to the infinite horrors of the Abyss.
 64600 | Depths:2 | Reached skill level 9 in Shields
 65634 | Orc:4    | Bought a +1 shield of cold resistance for 264 gold pieces
 65647 | Orc:4    | Bought a bread ration for 48 gold pieces
 65647 | Orc:4    | Bought a bread ration for 48 gold pieces
 65647 | Orc:4    | Bought a bread ration for 48 gold pieces
 65647 | Orc:4    | Bought a bread ration for 48 gold pieces
 66171 | Vaults:3 | Reached skill level 21 in Fighting
 67894 | Vaults:4 | Found Vegadese's Weapon Shoppe.
 67900 | Vaults:4 | Received a gift from Trog
 68129 | Vaults:4 | Found Wiehefie's General Store.
 68172 | Vaults:4 | Found a flickering gateway to a bazaar.
 68186 | Bazaar   | Entered a bazaar
 68186 | Bazaar   | Found Ghiadi's Jewellery Shoppe.
 68186 | Bazaar   | Found Graher's Antique Weapon Shoppe.
 68187 | Bazaar   | Found Yfi Chik's Distillery.
 68194 | Bazaar   | Reached XP level 21. HP: 130/185 MP: 21/21
 68225 | Bazaar   | Found Ruyshrebb's General Store.
 68232 | Bazaar   | Found Crudup's Antique Armour Emporium.
 68282 | Bazaar   | Bought a potion of heal wounds for 36 gold pieces
 68282 | Bazaar   | Bought a potion of heal wounds for 36 gold pieces
 68282 | Bazaar   | Bought a potion of curing for 24 gold pieces
 68282 | Bazaar   | Bought 2 potions of mutation for 60 gold pieces
 68282 | Bazaar   | Bought a potion of curing for 24 gold pieces
 68282 | Bazaar   | Bought 2 potions of curing for 48 gold pieces
 68283 | Bazaar   | Gained mutation: You sometimes yell uncontrollably. [potion of mutation]
 68283 | Bazaar   | Gained mutation: You can spit poison. [potion of mutation]
 68284 | Bazaar   | Lost mutation: You can spit poison. [potion of mutation]
 68284 | Bazaar   | Gained mutation: Your magical capacity is low (-10% MP). [potion of mutation]
 68701 | Vaults:4 | Reached skill level 22 in Fighting
 68848 | Vaults:4 | Received a gift from Trog
 69030 | Vaults:4 | Found Weun Qie's Distillery.
 69037 | Vaults:4 | Bought 2 potions of heal wounds for 84 gold pieces
 69366 | Vaults:4 | Found a staircase to the Hall of Blades.
 69394 | Blade    | Entered the Hall of Blades
 69700 | Blade    | Noticed Frederick
 70391 | Elf:1    | Entered Level 1 of the Elven Halls
 71159 | Elf:2    | Received a gift from Trog
 71159 | Elf:2    | Reached skill level 23 in Fighting
 72259 | Elf:3    | Entered Level 3 of the Elven Halls
 72505 | Elf:3    | Received a gift from Trog
 72815 | Elf:3    | Noticed Snorg
 72825 | Elf:3    | Killed Snorg
 73506 | Elf:3    | Got an iridescent dire flail
 73870 | Elf:3    | Gained mutation: Your vision is a little blurry. [a cacodemon]
 73992 | Elf:3    | Gained mutation: You frequently scream uncontrollably. [a cacodemon]
 73995 | Elf:3    | Reached skill level 24 in Fighting
 73995 | Elf:3    | Reached XP level 22. HP: 147/199 MP: 6/18
 74151 | Elf:3    | Got a vibrating turquoise ring
 74221 | Elf:3    | Identified Sif Muna's Volume of Supportive Orientation (You found it on level 3 of the Elven Halls)
 74231 | Elf:3    | Got a heavily runed plate armour
 74235 | Elf:3    | Got a heavily runed platinum ring
 74260 | Elf:3    | Identified the ring "Byiz" {EV+3 Int+4} (You took it off a deep elf sorcerer on level 3 of the Elven Halls)
 74263 | Elf:3    | Identified the ring "Psiskaas" {+Inv rF+ Str+2 Dex+5} (You found it on level 3 of the Elven Halls)
 74283 | Elf:3    | Identified the +9 plate armour "Cemaiph" {Dex+1 Int-4 Dam+5} (You found it on level 3 of the Elven Halls)
 75126 | Crypt:1  | Entered Level 1 of the Crypt
 75172 | Crypt:1  | Received a gift from Trog
 75298 | Crypt:1  | Reached skill level 13 in Armour
 75823 | Crypt:2  | Noticed Jory
 75850 | Crypt:2  | Killed Jory
 76938 | Crypt:3  | Found a staircase to the Tomb.
 77027 | Crypt:3  | Reached skill level 14 in Armour
 78488 | Crypt:4  | Got a warped sapphire amulet
 78489 | Crypt:4  | Identified the amulet of Trekuo {Faith rElec Dex+2} (You found it on level 4 of the Crypt)
 78613 | Crypt:5  | Entered Level 5 of the Crypt
 78630 | Crypt:5  | Reached skill level 15 in Armour
 78872 | Crypt:5  | Noticed an ancient lich
 79234 | Crypt:5  | Noticed a curse toe
 79749 | Crypt:5  | Killed a curse toe
 79749 | Crypt:5  | Reached XP level 23. HP: 118/206 MP: 18/18
 80388 | Crypt:5  | Noticed an ancient lich
 80617 | Crypt:5  | Killed an ancient lich
 80617 | Crypt:5  | Reached skill level 16 in Armour
 80836 | Crypt:5  | Noticed an ancient lich
 80856 | Crypt:5  | Killed an ancient lich
 81107 | Crypt:5  | Killed an ancient lich
 81460 | Vaults:4 | Bought a scroll of enchant weapon II for 126 gold pieces
 82142 | Vaults:5 | Entered Level 5 of the Vaults
 82420 | Vaults:4 | Reached skill level 17 in Armour
 83314 | Vaults:5 | Noticed an ancient lich
 83705 | Vaults:5 | Killed an ancient lich
 83765 | Vaults:5 | Reached skill level 18 in Armour
 83866 | Vaults:5 | Reached XP level 24. HP: 195/214 MP: 19/19
 83969 | Vaults:5 | Got a silver rune of Zot
 84007 | Vaults:5 | Got a fine steel ring
 84276 | Vaults:5 | Got a pitted iron ring
 84488 | Vaults:5 | Reached skill level 25 in Fighting
 84721 | Vaults:5 | Identified the ring "Chaijoipt" {Fire Dex+2} (You found it on level 5 of the Vaults)
 85019 | Vaults:5 | Got a smoking large shield
 85035 | Vaults:5 | Identified the +2 large shield "Groam" {Str+4 Int-2} (You found it on level 5 of the Vaults)
 85253 | Vaults:4 | Identified the ring "Dacura" {rN+ Str-2 Int+3} (You found it on level 5 of the Vaults)
 85476 | D:14     | Bought a scroll of blinking for 120 gold pieces
 85675 | Lair:2   | Gained mutation: Space occasionally distorts in your vicinity. [potion of mutation]
 85675 | Lair:2   | Lost mutation: You are frail (-10% HP). [potion of mutation]
 86451 | D:8      | Bought a potion of beneficial mutation for 455 gold pieces
 86452 | D:8      | Lost mutation: Your vision is a little blurry. [potion of beneficial mutation]
 87909 | Depths:3 | Received a gift from Trog
 88125 | Depths:3 | Reached skill level 26 in Fighting
 88601 | Depths:4 | Found a shattered altar of Ashenzari.
 88624 | Depths:4 | Received a gift from Trog
 88845 | Depths:4 | Found a radiant altar of Vehumet.
 89010 | Depths:4 | Reached XP level 25. HP: 240/255 MP: 19/19
 89566 | Depths:4 | Received a gift from Trog
 89583 | Depths:4 | Got a transparent dire flail {god gift}
 89585 | Depths:4 | Identified the +2,+3 dire flail of Twilight {holy, Dex+1} (Trog gifted it to you on level 4 of the Depths)
 89610 | Depths:4 | Found a shadowy altar of Dithmenos.
 89975 | Depths:4 | Reached skill level 27 in Fighting
 90009 | Depths:4 | Reached skill level 12 in Dodging
 90052 | Depths:4 | Found a burning altar of Makhleb.
 90362 | Depths:4 | Got a faintly glowing large shield
 90377 | Depths:4 | Identified the +3 large shield of Death's Door {rC++ MR+ Dex+4} (You acquired it on level 4 of the Depths)
 90768 | Depths:5 | Entered Level 5 of the Depths
 90777 | Depths:5 | Received a gift from Trog
 90866 | Depths:5 | Noticed the Enchantress
 90891 | Depths:5 | Killed the Enchantress
 90900 | Depths:5 | Reached skill level 10 in Shields
 90923 | Depths:5 | Got a faerie dragon armour
 90924 | Depths:5 | Identified the +1 faerie dragon armour {Str-5 Acc+6} (You took it off the Enchantress on level 5 of the Depths)
 91128 | Depths:5 | Paralysed by a giant eyeball for 2 turns
 91132 | Depths:5 | Noticed Jorgrun
 91142 | Depths:5 | Killed Jorgrun
 91144 | Depths:5 | Paralysed by a giant eyeball for 2 turns
 91393 | Depths:5 | Found a gate to the Realm of Zot.
 91485 | Depths:5 | Reached skill level 11 in Shields
 92204 | Depths:5 | Received a gift from Trog
 92343 | Depths:5 | Lost mutation: You are resistant to hostile enchantments. [potion of mutation]
 92343 | Depths:5 | Lost mutation: Your magical capacity is low (-10% MP). [potion of mutation]
 92471 | Zot:1    | Entered Level 1 of the Realm of Zot
 92471 | Zot:1    | Noticed an orb of fire
 92487 | Zot:1    | Gained mutation: Your magical capacity is low (-10% MP). [an orb of fire]
 92490 | Zot:1    | Killed an orb of fire
 92490 | Zot:1    | Reached skill level 12 in Shields
 93071 | Zot:1    | Reached XP level 26. HP: 266/266 MP: 20/20
 94390 | Zot:1    | Reached skill level 13 in Shields
 95322 | Zot:2    | Reached skill level 14 in Shields
 95328 | Zot:2    | Received a gift from Trog
 96425 | Zot:3    | Reached skill level 15 in Shields
 96695 | Zot:3    | Reached skill level 13 in Dodging
 97296 | Zot:4    | Received a gift from Trog
 97404 | Zot:4    | Reached skill level 14 in Dodging
 97974 | Zot:4    | Reached XP level 27. HP: 247/273 MP: 21/21
 98197 | Zot:5    | Entered Level 5 of the Realm of Zot
 98354 | Zot:5    | Reached skill level 15 in Dodging
 98428 | Zot:5    | Noticed Tiamat
 98660 | Zot:4    | Received a gift from Trog
 98810 | Zot:4    | Killed Tiamat
 99112 | Zot:5    | Reached skill level 17 in Maces & Flails
 99743 | Zot:4    | Reached skill level 18 in Maces & Flails
100268 | Zot:5    | Noticed an orb of fire
100285 | Zot:5    | Gained mutation: You tend to lose your temper in combat. [an orb of fire]
100293 | Zot:5    | Killed an orb of fire
100539 | Zot:5    | Noticed an orb of fire
100539 | Zot:5    | Gained mutation: You heal slowly when monsters are visible. [an orb of fire]
100547 | Zot:5    | Gained mutation: You do not heal naturally when monsters are visible. [an orb of fire]
100554 | Zot:5    | Lost mutation: Your muscles are strong. (Str +2) [an orb of fire]
100559 | Zot:5    | Noticed an ancient lich
100597 | Zot:5    | Reached skill level 19 in Maces & Flails
100614 | Zot:5    | HP: 21/273 [Orb Guardian (24)]
100614 | Zot:5    | Mangled by an Orb Guardian

Vanquished Creatures
  2 orbs of fire
  Tiamat (Zot:4)
  4 ancient liches
  Saint Roka (Vaults:2)
  2 curse toes
  2 Killer Klowns
  6 golden dragons
  Jory (Crypt:2)
  2 electric golems
  the Enchantress (Depths:5)
  12 bone dragons
  14 tentacled monstrosities
  Asterion (Vaults:1)
  2 deep elf blademasters (Elf:3)
  11 Orb Guardians (Zot:5)
  5 titans
  4 liches
  4 quicksilver dragons
  3 deep elf master archers
  An Executioner (Vaults:5)
  3 sphinxes
  3 thorn hunters
  11 storm dragons
  3 revenants
  Kirke (D:14)
  9 shadow dragons
  2 tengu reavers
  5 ancient champions
  Roxanne (D:15)
  9 draconian monks
  6 greater nagas
  2 ghouls
  A ghost moth (Zot:3)
  6 fire giants
  7 frost giants
  The ghost of ZombieSheep the Bludgeoner, a mighty GrBe of Trog (Swamp:3)
  6 draconian scorchers
  A balrug (Depths:4)
  Aizul (Snake:5)
  2 iron dragons
  22 vault wardens
  An emperor scorpion (Depths:1)
  5 draconian zealots
  4 spriggan defenders
  10 deep elf sorcerers
  2 orc warlords
  7 draconian knights
  Jorgrun (Depths:5)
  5 draconian annihilators
  4 reapers
  7 draconian shifters
  8 deep elf demonologists
  5 draconian callers
  11 vampire knights
  15 stone giants
  6 grey draconians
  8 green draconians
  3 dire elephants
  8 pale draconians
  2 curse skulls
  11 mottled draconians
  15 deep elf annihilators
  13 black draconians
  12 white draconians
  9 purple draconians
  9 red draconians
  6 yellow draconians
  A blizzard demon (Depths:4)
  10 ettins
  4 eidola
  Snorg (Elf:3)
  33 vault guards
  A mummy priest (Crypt:3)
  10 deep elf death magi
  9 great orbs of eyes
  22 yaktaur captains
  3 minotaurs
  A crystal guardian (Vaults:2)
  22 fire dragons
  8 death cobs
  8 jiangshi
  20 ironheart preservers
  8 deep elf high priests
  Fannar (Lair:7)
  18 naga warriors
  22 hydras
  2 ravenous item mimics
  10 spriggan air magi
  17 ice dragons
  A rakshasa (Vaults:2)
  15 dancing weapons
  10 deep troll earth magi
  A spectral fire giant (Depths:4)
  4 shambling mangroves
  11 anacondas
  6 alligators
  4 ravenous feature mimics
  2 large abominations (Depths:4)
  12 ogre magi
  4 deep troll shamans
  7 centaur warriors
  5 orc high priests (Orc:4)
  8 shock serpents
  A plague shambler (Crypt:3)
  4 deep dwarf death knights
  6 spectral elves
  17 naga sharpshooters
  9 vampire magi
  7 spriggan berserkers
  Urug (Orc:4)
  35 death yaks
  6 tengu warriors
  6 very ugly things
  Nergalle (Lair:7)
  10 soul eaters
  A salamander mystic (Snake:4)
  4 sun demons
  7 flayed ghosts
  5 iron trolls
  An unseen horror (shapeshifter) (Depths:2)
  19 deep elf knights
  A fire crab (shapeshifter) (Vaults:2)
  5 catoblepae
  36 skeletal warriors
  A fire crab (Vaults:2)
  7 ice devils
  A quicksilver dragon simulacrum (Depths:4)
  A ghost moth zombie (Crypt:5)
  7 giant orange brains
  16 hell knights
  4 shadow wraiths
  21 deep trolls
  3 unseen horrors
  4 spriggan druids
  7 sea snakes
  9 deep elf summoners
  4 wizards
  5 swamp dragons (Swamp:5)
  A death drake (Zot:3)
  A shadow dragon zombie (Crypt:3)
  2 ice statues
  10 naga ritualists
  2 flaming corpses (Crypt:4)
  12 ironbrand convokers
  2 mana vipers (shapeshifter)
  5 hill giants
  13 deep elf conjurers
  A tengu zombie (Depths:2)
  Joseph (D:8)
  A wolf spider zombie (Crypt:4)
  2 orc sorcerers
  A harpy (shapeshifter) (Depths:1)
  2 stone giant zombies
  16 mana vipers
  7 griffons
  An anaconda skeleton (Crypt:3)
  3 frost giant zombies
  20 orc knights
  10 wolf spiders
  2 manticores
  4 cyclopes
  23 moths of wrath
  14 necromancers
  An elephant (shapeshifter) (Vaults:3)
  A cyclops (shapeshifter) (D:15)
  19 elephants
  3 red wasps
  A red wasp (shapeshifter) (Vaults:3)
  2 fire giant zombies (Crypt:3)
  6 salamanders
  An octopode (shapeshifter) (Vaults:5)
  A salamander (shapeshifter) (Vaults:5)
  3 stone giant skeletons
  13 phantasmal warriors
  Maurice (Orc:2)
  5 sixfirhies
  3 guardian serpents
  13 eyes of devastation (Depths:2)
  2 human skeletons (Vaults:3)
  32 naga magi
  A dire elephant zombie (Crypt:4)
  32 black mambas
  A titan simulacrum (Depths:4)
  2 black mambas (shapeshifter)
  A storm dragon simulacrum (Depths:4)
  3 gargoyles
  17 vault sentinels
  A white draconian zombie (Zot:5)
  A grey draconian zombie (Crypt:1)
  A queen ant (Lair:4)
  A feature mimic (Lair:4)
  2 centaur zombies
  A smoke demon (Orc:4)
  A red draconian zombie (Zot:2)
  2 orange demons
  An iron troll zombie (Depths:3)
  3 kobold demonologists
  An elf (shapeshifter) (Elf:3)
  25 spiny frogs
  3 anaconda simulacra (IceCv)
  2 demonic crawlers
  49 yaktaurs
  2 spectral humans
  A mana viper zombie (Crypt:1)
  18 freezing wraiths
  A spriggan skeleton (Depths:3)
  An efreet (D:13)
  A death yak skeleton (Crypt:3)
  11 iron devils
  10 trolls
  A hydra zombie (Crypt:4)
  3 guardian mummies (Crypt:3)
  6 komodo dragons
  A fire drake (shapeshifter) (D:14)
  A purple draconian skeleton (Crypt:4)
  A harpy zombie (Crypt:3)
  16 deep elf priests
  A mottled draconian skeleton (Crypt:5)
  A white draconian skeleton (Crypt:1)
  A tengu conjurer (Depths:2)
  2 hellwings
  2 yellow draconian skeletons (Crypt:4)
  A troll (shapeshifter) (Depths:2)
  4 fire drakes
  A merfolk (shapeshifter) (Vaults:1)
  3 silent spectres
  2 blue devils
  Sonja (Orc:3)
  4 giant leeches
  2 shadow dragon simulacra
  A fire giant simulacrum (Crypt:3)
  4 boggarts (Vaults:1)
  5 giant fireflies
  A queen bee (shapeshifter) (Depths:2)
  A raiju (shapeshifter) (Depths:2)
  A spectral orc (Vaults:5)
  A boggart (shapeshifter) (Vaults:2)
  2 hydra skeletons
  22 ravens
  6 red devils
  A moth of wrath zombie (Zot:2)
  16 blink frogs
  18 two-headed ogres
  A trapdoor spider zombie (D:14)
  29 slime creatures
  2 vampires
  3 jumping spiders
  2 catoblepas skeletons
  A raven (shapeshifter) (Depths:3)
  2 spriggan zombies
  4 basilisks
  A brown ooze (shapeshifter) (Vaults:2)
  A sphinx simulacrum (Depths:4)
  A baby alligator (shapeshifter) (Vaults:5)
  2 frost giant simulacra
  A stone giant simulacrum (Crypt:3)
  A spriggan (shapeshifter) (Elf:2)
  22 deep elf magi
  5 boulder beetles
  3 fire dragon zombies
  An ice dragon zombie (Crypt:4)
  4 bog bodies
  9 redbacks
  4 thorn lotuses
  An ettin zombie (Crypt:4)
  3 ettin skeletons
  7 shadows
  10 flying skulls
  A trapdoor spider (shapeshifter) (Vaults:2)
  12 wraiths
  A wyvern (Lair:1)
  9 spriggans
  7 air elementals
  A hill giant zombie (D:12)
  36 yaks
  A griffon skeleton (D:15)
  A shark (Lair:1)
  A water elemental (D:15)
  An elephant slug (Lair:7)
  2 tarantellas
  60 ugly things
  A giant firefly zombie (Crypt:1)
  3 golden eyes (Depths:2)
  7 hungry ghosts
  2 ynoxinuls
  A death yak simulacrum (IceCv)
  An emperor scorpion simulacrum (Crypt:4)
  2 steam dragons
  A chaos spawn (Depths:4)
  A hill giant skeleton (Crypt:1)
  39 deep elf fighters
  A wind drake skeleton (Crypt:1)
  3 deep troll zombies (Depths:3)
  9 wargs
  An infernal demonspawn zombie (Crypt:3)
  26 swamp worms
  32 wolves
  8 hippogriffs
  3 human zombies
  4 iron troll simulacra (IceCv)
  3 harpy simulacra (IceCv)
  2 hogs (D:14)
  40 vampire mosquitoes
  35 water moccasins
  11 hell hounds
  4 hydra simulacra
  A catoblepas simulacrum (Crypt:2)
  68 nagas
  An infernal demonspawn skeleton (Crypt:1)
  9 porcupines
  6 sky beasts
  6 soldier ants
  A tengu skeleton (D:12)
  4 phantoms
  8 swamp drakes
  45 orc warriors
  3 small abominations
  5 ice beasts (D:12)
  A snapping turtle zombie (Crypt:2)
  2 black bears
  12 spiders
  5 giant goldfish
  3 ettin simulacra
  An ice beast (shapeshifter) (D:13)
  A putrid demonspawn skeleton (Crypt:2)
  A black bear (shapeshifter) (Depths:3)
  2 human simulacra
  A manticore zombie (D:13)
  3 manticore skeletons
  4 big kobolds
  An alligator simulacrum (IceCv)
  24 centaurs
  17 crocodiles
  3 lost souls
  A fire drake skeleton (Crypt:2)
  14 giant slugs
  54 ogres
  An elf zombie (Crypt:3)
  3 wyvern zombies
  24 giant frogs
  6 insubstantial wisps (Swamp:1)
  2 salamander skeletons
  A water moccasin zombie (D:12)
  A glowing shapeshifter simulacrum (Vaults:2)
  3 scorpions
  27 killer bees
  2 eyes of draining (shapeshifter)
  2 elephant simulacra (IceCv)
  An eye of draining (D:13)
  A swamp dragon simulacrum (IceCv)
  2 quasits
  3 draconian simulacra (IceCv)
  12 wights
  7 crimson imps
  8 electric eels
  A goliath beetle (D:8)
  A giant frog zombie (D:7)
  5 hounds
  37 orc priests
  A gnoll shaman (D:8)
  5 iguanas
  2 jellies
  8 big fish
  4 iron imps (Depths:1)
  30 orc wizards
  7 orange rats
  6 troll simulacra (IceCv)
  A spriggan simulacrum (IceCv)
  30 worker ants
  A boulder beetle simulacrum (Vaults:1)
  13 sheep
  A wolf simulacrum (IceCv)
  5 centaur simulacra
  A crocodile zombie (Crypt:1)
  A felid zombie (Crypt:4)
  A sky beast zombie (Crypt:2)
  2 ogre skeletons
  2 hound zombies
  9 mummies
  A naga skeleton (Crypt:2)
  A worker ant zombie (D:10)
  An orange rat skeleton (Crypt:2)
  3 gnolls (D:8)
  43 green rats
  A naga simulacrum (IceCv)
  34 adders
  22 white imps
  2 shadow imps
  2 inept feature mimics
  9 worms
  3 giant mites
  A goliath beetle zombie (Crypt:1)
  6 ufetubi (IceCv)
  A lava snake zombie (Crypt:4)
  5 giant eyeballs
  9 giant geckos
  190 orcs
  8 giant cockroaches
  19 goblins
  19 hobgoblins
  32 jackals
  13 quokkas
  3 ball pythons
  24 bats
  A giant gecko zombie (Crypt:3)
  6 giant newts
  2 giant spores
  A goblin skeleton (Crypt:2)
  2 hobgoblin skeletons
  A hobgoblin zombie (D:5)
  23 kobolds
  A kobold skeleton (D:3)
  A kobold zombie (D:5)
  A lava orc skeleton (Crypt:4)
  5 orc zombies
  31 rats
  A rat zombie (Crypt:3)
  4 ballistomycetes
  2 briar patches (Swamp:5)
  3 crawling corpses (Depths:4)
  A fungus (Lair:1)
  A plant (Lair:5)
3172 creatures vanquished.

Vanquished Creatures (collateral kills)
  An Orb Guardian (Zot:5)
  A draconian shifter (Zot:5)
  A naga warrior (Snake:3)
  A naga sharpshooter (Snake:3)
  4 orc knights (Orc:4)
  A salamander (Snake:3)
  An anaconda simulacrum (IceCv)
  A shadow (Swamp:3)
  2 orc priests (Orc:4)
  6 orcs
  A goblin (Orc:2)
20 creatures vanquished.

Vanquished Creatures (others)
  A draconian scorcher (Zot:3)
  A ghost moth (Zot:4)
  A mottled draconian (Zot:4)
  A great orb of eyes (Vaults:5)
  A deep troll (Zot:5)
  A necromancer (Crypt:4)
  3 trolls
  A komodo dragon (Zot:5)
  A fire drake (Zot:1)
  A raven (Depths:3)
  An air elemental (Depths:3)
  A trapdoor spider (shapeshifter) (Vaults:1)
  3 grizzly bears (IceCv)
  A vampire (Vaults:2)
  A human (D:14)
  A deep elf mage (Elf:2)
  2 deep elf fighters
  A sky beast (shapeshifter) (Elf:3)
  5 ogres
  5 lost souls
  An orange rat (Depths:4)
  An orc wizard (Orc:2)
  2 orcs
  A goblin (Orc:2)
  A giant spore (D:10)
  A briar patch (Swamp:5)
  2 crawling corpses (Depths:4)
  3 fungi
  6 plants
51 creatures vanquished.

Grand Total: 3243 creatures vanquished
